woodfighter, lawful female dwarven Priestess ------------ |..........| |....<......######## ------ ------ #|........).| # .| .`B.. ...`| ##-.......%..| ### =..| |... ....| ##|..........| #.....| |...- -...|####------------ ----- |.... |...|# # |..`| |`..|# |...| |...|# |..@-----...|% |...a.`.....|# | |`.........`%%[# .........| -------------# | # woodfighter the Adept Experience level: 7 Strength: 14 Dexterity: 15 Constitution: 13 Intelligence: 17 Wisdom: 10 Charisma: 8 Health: 0(51) Energy: 40(40) Def: 4 Gold: 1644 Moves: 3236 Dungeon seed: odjWAc9JtM6pQ-rf Game ID: woodfighter_1554636161 Your Inventory: Coins $ - 1644 gold pieces Weapons a - a blessed +1 mace (weapon in hand) Armor e - a +0 robe n - a +0 small shield (being worn) q - a +0 pair of speed boots (being worn) r - a +0 cloak of magic resistance (being worn) z - a +0 orcish helm (being worn) N - a cursed +0 pair of speed boots Y - a cursed +0 robe Comestibles c - a clove of garlic d - a sprig of wolfsbane u - 3 food rations J - a eucalyptus leaf Z - a lizard corpse Scrolls m - 3 scrolls of identify o - a scroll of enchant armor p - a scroll of scare monster v - 2 scrolls of teleportation w - a cursed scroll of remove curse y - 3 scrolls of enchant weapon O - 2 scrolls of water V - a blessed scroll of confuse monster Potions b - 8 potions of holy water g - 2 potions of hallucination h - a blessed potion of hallucination k - a cursed potion of paralysis s - a potion of water A - a cursed potion of extra healing K - a potion of paralysis M - a potion of sleeping R - a potion of unholy water T - a potion of blindness Wands f - a wand of cancellation (0:0) j - a wand of teleportation (0:5) x - a cursed wand of enlightenment (0:13) B - a cursed wand of cancellation (0:0) Tools W - a towel Gems G - a cursed jade H - a cursed worthless piece of orange glass Spells and supernatural/magical abilities: Name Level Category Fail Memory l - light 1 divination 27% 84% r - remove curse 3 clerical 0% 84% O - create monster 2 clerical 27% 84% W - pray for help -- divine ? -- X - turn undead -- divine ? -- Your skills at the end: Miscellaneous Skills shield [Basic] wands [Basic] Weapon Skills pick-axe [Basic] mace [Skilled] Spellcasting Skills clerical spells [Basic] Final Attributes: You were fervently aligned. You were magic-protected. You had infravision. You were very fast. You are dead. Vanquished creatures: a ghost a wolf a leprechaun a lizard an orc-captain an ogre a jaguar a fire ant a yellow light 2 rock moles 2 ponies a giant ant a floating eye 2 kittens 2 quasits a kobold shaman an iguana 5 rothes 2 jitterbugs a giant bat a monkey a wererat a werejackal a coyote a hobbit a large kobold 3 geckos 2 hobgoblins 2 cave spiders a brown mold a yellow mold a green mold 2 garter snakes 4 manes 4 jackals 2 kobolds 3 newts a goblin 3 sewer rats 7 grid bugs a bat 2 lichens 2 kobold zombies 76 creatures vanquished. Voluntary challenges: You did not adorn yourself with jewelry or accessories. You did not cause conflict. You were not invisible. You did not have reflection. You were not displaced. You were an atheist. You used a wielded weapon 141 times, starting on turn 58. You did not use containers. You did not apply a unicorn horn. You did not use plumbed fixtures. You did not drink any magical draughts. You were illiterate. You never genocided any monsters. You never polymorphed an object. You never changed form. You used no wishes. You never split a pudding. You never wrote Elbereth's name. You never violated your personal moral code. Dungeon overview: The Dungeons of Doom: levels 1 to 9 Level 1 (box) a long staircase Level 2 (vault) an armor shop Level 3 stairs to The Gnomish Mines Level 4 an altar to Quetzalcoatl, a fountain Level 5 Level 6 (water + box) some fountains Level 7 a potion shop, a fountain Level 8 a fountain, a sink Level 9 <- You were here The Gnomish Mines: Level 4 stairs to The Dungeons of Doom History has recorded: On T:1 you entered the Dungeons of Doom to retrieve the Amulet of Yendor! On T:64 you reached level 2 of The Dungeons of Doom. On T:331 you reached level 3 of The Dungeons of Doom. On T:781 you reached level 4 of The Dungeons of Doom. On T:801 you reached level 1 of The Gnomish Mines. On T:864 you advanced to experience level 2. On T:1251 you advanced to experience level 3. On T:1395 you reached level 5 of The Dungeons of Doom. On T:1504 you reached level 6 of The Dungeons of Doom. On T:1550 you advanced to experience level 4. On T:2087 you reached level 7 of The Dungeons of Doom. On T:2188 you advanced to experience level 5. On T:2292 you reached level 8 of The Dungeons of Doom. On T:2817 you reached level 9 of The Dungeons of Doom. On T:2976 you advanced to experience level 6. On T:3218 you advanced to experience level 7. Score breakdown: Gold: 1644 ( 164 points) Experience: 7 levels ( 600 points) Exploration: 9 levels ( 240 points) Discoveries: 23 items ( 1150 points) Variety of kills: 43 monsters ( 2000 points) Major goal: (nothing yet) ( 0 points) Survival: died (score multiplied by 3) Total score: 12462 Latest messages: The wolf bites! You hit the wolf! The wolf bites! You kill the wolf! Welcome to experience level 7. You attack thin air. You see here a kitten corpse. There is a doorway here. There are a few objects here. You see here a statue of a forest centaur. You see here a statue of a plains centaur. You see here a statue of a mountain centaur. You hit the fire ant! The fire ant bites! (2x) You kill the fire ant! You see here a food ration. u - a food ration. The fire ant bites! (2x) You hit the fire ant! The fire ant bites! (2x) You hit the fire ant! The fire ant bites! (3x) You die... Final status: Goodbye woodfighter the Priestess, killed by a fire ant... You died in The Dungeons of Doom on dungeon level 9 with 12462 points, and 1644 pieces of gold, after 3236 moves. You were level 7 with a maximum of 51 hit points when you died.